 Dungeon Crawl Stone Soup version 0.28-a0-1506-g3893175d92 (webtiles) character file.

Game seed: 10372417437136916569

31 a3don the Grasshopper (level 3, -1/30 HPs)
             Began as a Ghoul Warper on Jan 13, 2022.
             Slain by an adder (2 damage)
             ... on level 2 of the Dungeon.
             The game lasted 00:03:38 (1721 turns).

a3don the Grasshopper (Ghoul Warper)                Turns: 1721, Time: 00:03:39

Health: -1/30      AC:  3    Str: 16    XL:     3   Next: 22%
Magic:  4/4        EV: 11    Int:  8    God:
Gold:   31         SH:  0    Dex:  8    Spells: 3/5 levels left

rFire   . . .      SeeInvis .     - Unarmed
rCold   + . .      Faith    .   (no shield)
rNeg    + + +      Spirit   .   a - +0 leather armour
rPois   ∞          Reflect  .   (no helmet)
rElec   .          Harm     .   (no cloak)
rCorr   .          Rampage  .   (no gloves)
Will    .....                   (no boots)
Stlth   +.........              (no amulet)
HPRegen 0.00/turn               (no ring)
MPRegen 0.09/turn               (no ring)

@: inhibited regen
A: claws 1, cold resistance 1, negative energy resistance 3, inhibited
regeneration, torment resistance 2
a: no special abilities


You were on level 2 of the Dungeon.
You visited 1 branch of the dungeon, and saw 2 of its levels.

You collected 31 gold pieces.

Inventory:

Hand Weapons
 b - a +0 hunting sling
 g - a +0 short sword
 j - a +0 short sword of speed
Missiles
 c - 4 boomerangs of dispersal (quivered)
 d - 24 stones
Armour
 a - a +0 leather armour (worn)
Scrolls
 f - a scroll of enchant weapon {unknown}
 h - a scroll of vulnerability {unknown}
 i - 2 scrolls of blinking


   Skills:
 + Level 2.6 Fighting
 - Level 0.8 Throwing
 + Level 1.1 Armour
 + Level 2.1 Dodging
 + Level 0.9 Stealth
 + Level 2.4 Unarmed Combat
 + Level 1.9 Spellcasting
 + Level 2.8 Translocations


You had 3 spell levels left.
You knew the following spells:

 Your Spells              Type           Power      Damage    Failure   Level
a - Blink                 Tloc           10%        N/A       21%         2

Your spell library contained the following spells:

 Spells                   Type           Power      Damage    Failure   Level
 Gell's Gravitas          Tloc           5%         N/A       38%         3
 Lesser Beckoning         Tloc           5%         N/A       38%         3
 Teleport Other           Tloc           5%         N/A       38%         3
 Manifold Assault         Tloc           5%         N/A       98%         5


Dungeon Overview and Level Annotations

Branches:
Dungeon (2/15)

Altars:


Innate Abilities, Weirdness & Mutations

You thrive by killing the living.
You are immune to poison.
You have sharp fingernails.
Your flesh is cold resistant. (rC+)
You are immune to negative energy. (rN+++)
You do not regenerate when monsters are visible.
You are immune to unholy pain and torment.


Message History

The adder is lightly wounded.
The adder barely misses you. x2
You aren't carrying any items that you can evoke.
Unknown command.
Throw: 5 boomerangs (disperse)
Press: ? - help, Q - select action, (/) - cycle Shift-Dir - straight line, f - adder
Aim: an adder (lightly wounded, 32% to hit)
You throw a boomerang of dispersal.
The boomerang of dispersal hits the adder.
The adder blinks!
The adder is moderately wounded.
The adder bites you.
* * * LOW HITPOINT WARNING * * *
It was a potion of lignification.
You feel woody for a moment. The adder barely misses you.
You miss the adder.
The adder is moderately wounded.
The adder bites you but does no damage.
You miss the adder.
The adder is moderately wounded.
The adder barely misses you.
You closely miss the adder.
The adder is moderately wounded.
The adder bites you.
* * * LOW HITPOINT WARNING * * *
The adder bites you but does no damage.
You miss the adder.
The adder is moderately wounded.
The adder bites you.
* * * LOW HITPOINT WARNING * * *
You scratch the adder.
The adder is severely wounded.
The adder closely misses you.
You barely miss the adder.
The adder is severely wounded.
The adder barely misses you.
You scratch the adder but do no damage.
The adder is severely wounded.
The adder bites you.
You die...

.. .# .# #.# #.#
#.# #.##.######.#
^.....†..S@.#
..##.#####..#
#..#
#.#####..########
................#
#.......######.#
#.####.## #.# #
#.# #.# # #.# #.#


You could see an adder.

Vanquished Creatures
  4 ball pythons (D:1)
  2 bats (D:1)
  3 endoplasms (D:1)
  A giant cockroach (D:1)
  A goblin (D:1)
  3 hobgoblins
  5 kobolds (D:1)
  2 quokkas
  4 frilled lizards (D:1)
  4 rats (D:1)
29 creatures vanquished.

Notes
Turn   | Place    | Note
-------+----------+-------------------------------------------
     0 | D:1      | a3don the Ghoul Warper began the quest for the Orb.
     0 | D:1      | Reached XP level 1. HP: 17/17 MP: 2/2
   228 | D:1      | Reached skill level 1 in Armour
   247 | D:1      | Reached XP level 2. HP: 9/24 MP: 3/3
   614 | D:1      | Learned a level 2 spell: Blink
  1001 | D:1      | Reached XP level 3. HP: 30/30 MP: 4/4
  1718 | D:2      | HP: 1/30 [adder (1)]
  1721 | D:2      | Slain by an adder

Illustrated notes

Levels and vault maps discovered:
D:1:      minmay_arrival_five_plusses, layout_basic, serial_corexii_hall,
          chequers_hall_statues_y, chequers_hall_statues_wall_a,
          minmay_lizard_pond
D:2:      layout_loops_ring, shapermc_ecumenical_altar_notcrosses

Skill      XL: |  1  2 |
---------------+-------+-----
Armour         | 1 |  1.1
Dodging        | 2 |  2.1
Fighting       | |  2.6
Throwing       | |  0.8
Stealth        | |  0.9
Unarmed Combat | |  2.4
Spellcasting   | |  1.9
Translocations | |  2.8

Action                   || total
-------------------------++-------
Melee: Unarmed           ||   145
Throw: Boomerang         ||     1
  Use: Potion            ||     1
Armor: Leather armour    ||    25
Dodge: Dodged            ||    73

Table legend: (Time is in decaauts)
 A = Elapsed time spent in this place.
 B = Non-inter-level travel time spent in this place.
 C = Inter-level travel time spent in this place.
 D = Time resting spent in this place.
 E = Time spent auto-exploring this place.
 F = Levels seen in this place.
 G = Mean time per level.
                   A        B        C        D        E       F      G
               +--------+--------+--------+--------+--------+-----+--------+
         Total |   1713 |   1691 |     22 |    751 |    683 |   2 |  856.5 |
       Dungeon |   1713 |   1691 |     22 |    751 |    683 |   2 |  856.5 |
               +--------+--------+--------+--------+--------+-----+--------+

Top non-repeatable levels by time:
     D:1: 1476 daAuts
     D:2: 236 daAuts
